 Dungeon Crawl Stone Soup version 0.31-a0-222-gefeffbb62a (webtiles) character file.

Game seed: 14989113619012151615

7 promet the Caller (level 1, 0/10 HPs)
             Began as a Deep Elf Summoner on July 5, 2023.
             Slain by a jackal (3 damage)
             ... on level 1 of the Dungeon.
             The game lasted 00:02:37 (393 turns).

promet the Caller (Deep Elf Summoner)                Turns: 393, Time: 00:02:37

Health: 0/10       AC:  2    Str:  5    XL:     1   Next: 91%
Magic:  11/15      EV: 13    Int: 19    God:
Gold:   38         SH:  0    Dex: 15    Spells: 5/6 levels left

rFire   . . .        a - +0 short sword
rCold   . . .        (no shield)
rNeg    . . .        c - +0 robe
rPois   .            (no helmet)
rElec   .            (no cloak)
rCorr   .            (no gloves)
SInv    .            (no boots)
Will    .....        (no amulet)
Stlth   ++           e - ring of magical power
HPRegen 0.21/turn    (no ring)
MPRegen 0.14/turn

%: no passive effects
@: no status effects
A: no striking features
a: no special abilities


You were on level 1 of the Dungeon.
You visited 1 branch of the dungeon, and saw 1 of its levels.

You collected 38 gold pieces.

Inventory:

Hand Weapons
 a - a +0 short sword (weapon)
Missiles
 d - 5 stones
Armour
 c - a +0 robe (worn)
Jewellery
 e - a ring of magical power (left hand)
Scrolls
 f - 2 scrolls of fog {unknown}
Potions
 b - a potion of magic
 g - a potion of berserk rage {unknown}


   Skills:
 * Level 0.2 Fighting
 + Level 2.7 Dodging
 + Level 2.4 Stealth
 + Level 3.0 Spellcasting
 + Level 4.6 Summonings


You had 5 spell levels left.
You knew the following spells:

 Your Spells              Type           Power      Damage    Failure   Level
a - Summon Small Mammal   Summ           80%        N/A       2%          1

Your spell library contained the following spells:

 Spells                   Type           Power      Damage    Failure   Level
 Call Imp                 Summ           40%        N/A       3%          2
 Call Canine Familiar     Summ           20%        N/A       7%          3
 Summon Guardian Golem    Hex/Summ       11%        N/A       19%         3
 Poisonous Vapours        Pois/Air       4%         N/A       22%         2
 Mephitic Cloud           Conj/Pois/Air  2%         N/A       41%         3
 Summon Lightning Spire   Summ/Air       11%        N/A       52%         4
 Freezing Cloud           Conj/Ice/Air   1%         6-21      99%         5


Dungeon Overview and Level Annotations

Branches:
Dungeon (1/15)

Altars:


Message History

Your quokka's corpse disappears in a puff of smoke!
Your quokka closely misses the jackal.
The jackal bites your quokka.
Your quokka bites the jackal but does no damage.
The jackal misses your quokka.
Casting: Summon Small Mammal (safe; 2% risk of failure)
Confirm with . or Enter, or press ? or * to list all spells.
Your quokka barely misses the jackal.
The jackal misses your quokka.
Your quokka misses the jackal.
The jackal bites your quokka but does no damage.
Your quokka bites the jackal.
The jackal bites your quokka.
Your rat misses the jackal. You hit the jackal but do no damage.
The jackal is lightly wounded.
The jackal bites your rat. The jackal bites you.
You barely miss the jackal.
The jackal is lightly wounded.
The jackal barely misses you.
Your quokka bites the jackal.
Your rat bites the jackal but does no damage.
You barely miss the jackal.
The jackal is almost dead.
The jackal misses you.
Your quokka barely misses the jackal.
The jackal bites you.
* * * LOW HITPOINT WARNING * * *
Your rat closely misses the jackal.
Your quokka closely misses the jackal.
The jackal completely misses your rat. The jackal closely misses you.
Your rat misses the jackal. The jackal bites your quokka.
Your quokka dies!
Your quokka's corpse disappears in a puff of smoke!
The jackal bites your rat.
Your rat dies!
Your rat's corpse disappears in a puff of smoke!
You hit the jackal.
The jackal is almost dead.
The jackal closely misses you.
Casting: Summon Small Mammal (safe; 2% risk of failure)
Confirm with . or Enter, or press ? or * to list all spells.
The jackal closely misses you. The jackal bites you.
You die...

#.........#
#.........#
##########
####...####
#........#
###.######........#
#.....).........#
##..............#
#..............#
#.......hb.....#
#.......h@.....# ##
#.......B......# ..
#.......######## ..
#.......# ..
#.......# ..
#.......# ..
####.......#
.B###.†...######
Kh.##B#####


You could see 2 jackals, a giant cockroach and a friendly bat (summoned).

Vanquished Creatures
  A ball python (D:1)
1 creature vanquished.

Vanquished Creatures (collateral kills)
  2 jackals (D:1)
  A bat (D:1)
  3 kobolds (D:1)
6 creatures vanquished.

Grand Total: 7 creatures vanquished

Notes
Turn   | Place    | Note
-------+----------+-------------------------------------------
     0 | D:1      | promet the Deep Elf Summoner began the quest for the Orb.
     0 | D:1      | Reached XP level 1. HP: 10/10 MP: 6/6
   393 | D:1      | Slain by a jackal

Illustrated notes

Levels and vault maps discovered:
D:1:      psy_arrival_terrarium, layout_basic

Action                     || total
---------------------------++-------
  Melee: Short sword       ||    12
   Cast: Summon Small Mamm ||    15
    Use: Scroll            ||     1
 Armour: Robe              ||     2
  Dodge: Dodged            ||    24

Table legend: (Time is in decaauts)
 A = Elapsed time spent in this place.
 B = Non-inter-level travel time spent in this place.
 C = Inter-level travel time spent in this place.
 D = Time resting spent in this place.
 E = Time spent auto-exploring this place.
 F = Levels seen in this place.
 G = Mean time per level.
                   A        B        C        D        E       F      G
               +--------+--------+--------+--------+--------+-----+--------+
         Total |    392 |    392 |      0 |    161 |     38 |   1 |  392.0 |
       Dungeon |    392 |    392 |      0 |    161 |     38 |   1 |  392.0 |
               +--------+--------+--------+--------+--------+-----+--------+

Top non-repeatable levels by time:
     D:1: 392 daAuts
